 Dungeon Crawl Stone Soup version 0.30-a0-918-g0ff054e9dc (webtiles) character file.

Game seed: 16443904930971375560

577 Sweetruy1997 the Slasher (level 7, -4/55 HPs)
             Began as a Demonspawn Chaos Knight on Mar 21, 2023.
             Was a Plaything of Xom.
             Slain by a gnoll sergeant
             ... wielding a +0 spear
              (12 damage)
             ... on level 5 of the Dungeon.
             The game lasted 00:05:58 (2436 turns).

Sweetruy1997 the Slasher (Demonspawn Chaos Knight)  Turns: 2436, Time: 00:05:59

Health: -4/55      AC:  8    Str: 11    XL:     7   Next: 13%
Magic:  7/7        EV: 11    Int: 18    God:    Xom [......]
Gold:   195        SH:  5    Dex: 13    Spells: 6/6 levels left

rFire   . . .      SeeInvis .    a - +0 falchion (chaos)
rCold   + . .      Faith    .    (no shield)
rNeg    . . .      Spirit   .    o - +0 ring mail of Naam {-Tele rC+ Regen+ Slay+6}
rPois   +          Reflect  +    m - +2 hat
rElec   .          Rampage  .    (no cloak)
rCorr   .          NoTele   +    h - +0 pair of gloves
Will    .....                    (no boots)
Stlth   ++                       b - amulet of reflection
HPRegen 1.09/turn                q - ring of poison resistance
MPRegen 0.10/turn                (no ring)

@: no status effects
A: antennae 1, foul stench 3, sturdy frame 1, clever 1, mutation resistance 1
a: Renounce Religion


You were on level 5 of the Dungeon.
You worshipped Xom.
You were a very special plaything of Xom.
You visited 1 branch of the dungeon, and saw 7 of its levels.

You collected 195 gold pieces.

Inventory:

Hand Weapons
 a - a +0 falchion of chaos (weapon)
Armour
 h - a +0 pair of gloves (worn)
 m - a +2 hat (worn)
 o - the +0 ring mail of Naam (worn) {-Tele rC+ Regen+ Slay+6}
   (You found it on level 3 of the Dungeon)

   Slay:      It affects your accuracy & damage with ranged weapons and melee
   (+6).
   rC:        It protects you from cold.
   -Tele:     It prevents most forms of teleportation.
   Regen:     It increases your rate of health regeneration.
Jewellery
 b - an amulet of reflection (around neck)
 q - a ring of poison resistance (left hand)
Scrolls
 d - 2 scrolls of enchant weapon {unknown}
 e - a scroll of fog {unknown}
 f - a scroll of acquirement {unknown}
 j - 2 scrolls of teleportation {unknown}
 l - a scroll of magic mapping {unknown}
 n - 3 scrolls of identify {unknown}
 t - 2 scrolls of vulnerability {unknown}
 u - a scroll of noise {unknown}
Potions
 g - a potion of degeneration {unknown}
 i - a potion of berserk rage {unknown}
 k - a potion of curing
 p - a potion of heal wounds {unknown}
 r - a potion of lignification {unknown}
 s - a potion of might {unknown}
Miscellaneous
 c - a piece from Xom's chessboard (13/15) (quivered)


   Skills:
 + Level 4.3 Fighting
 + Level 5.8 Long Blades
 - Level 2.0 Armour
 + Level 1.8 Dodging
 + Level 2.4 Stealth
 + Level 0.9 Shields
 - Level 1.0 Evocations


You had 6 spell levels left.
You didn't know any spells.
Your spell library contained the following spells:

 Spells                   Type           Power      Damage    Failure   Level
 Call Canine Familiar     Summ           0%         N/A       69%         3
 Portal Projectile        Hex/Tloc       0%         N/A       69%         3
 Leda's Liquefaction      Hex/Erth       0%         N/A       97%         4


Dungeon Overview and Level Annotations

Branches:
Dungeon (7/15)
 Temple: D:4-7

Altars:
Qazlal
Trog
Xom
Lugonu

Portals:
Abyss: D:6

Annotations:
D:7 Pikel


Innate Abilities, Weirdness & Mutations

You have a pair of small antennae on your head.
You frequently emit foul miasma when damaged in melee.
Your movements are slightly less encumbered by armour. (ER -2)
Your mind is acute. (Int +4, Str/Dex -1)
You are somewhat resistant to further mutation.


Message History

The gnoll hits you with a +0 flail!
The gnoll is engulfed in dark miasma.
The gnoll is poisoned.
The gnoll hits you with a +0 flail. The gnoll closely misses you.
You hit the gnoll.
The gnoll seems to grow stronger.
The gnoll is moderately wounded.
The gnoll sergeant barely misses you.
A white imp comes into view.
The gnoll is engulfed in dark miasma.
The gnoll looks even sicker.
You kill the gnoll!
You block the gnoll's attack. The gnoll sergeant closely misses you.
You barely miss the gnoll sergeant.
The gnoll sergeant is lightly wounded.
You block the gnoll sergeant's attack. The gnoll hits you with a +0 flail!
The gnoll hits you from afar with a +0 spear.
* * * LOW HITPOINT WARNING * * *
You block the gnoll sergeant's attack. The gnoll closely misses you. x2
The gnoll sergeant closely misses you.
You hit the gnoll sergeant but do no damage.
The gnoll sergeant is lightly wounded.
The gnoll sergeant hits you but does no damage.
You block the gnoll's attack. The gnoll closely misses you.
You slash the gnoll!
The gnoll seems to speed up.
The gnoll is almost dead.
The gnoll sergeant hits you with a +0 spear!
* * * LOW HITPOINT WARNING * * *
You emit a cloud of foul miasma!
The gnoll hits you but does no damage. The gnoll hits you with a +0 flail.
* * * LOW HITPOINT WARNING * * *
The gnoll sergeant is engulfed in dark miasma.
The gnoll sergeant is poisoned.
You block the gnoll sergeant's attack.
It was a potion of curing.
You feel better.
You hear Xom's maniacal laughter.
The gnoll hits you with a +0 spear.
* * * LOW HITPOINT WARNING * * *
You emit a cloud of foul miasma!
The gnoll sergeant is engulfed in dark miasma.
The gnoll sergeant looks even sicker.
The gnoll sergeant hits you with a +0 spear!
You die...
Xom roars with laughter!

.#.....#..........#
≈≈#.
..................#
≈≈#.
.#.>...#..........#
#.....#...########
#.....#..........#
#.....####.######
....... #..S....#
....... #..g))..#
....... #..°@go.#
#...g...#
#..S..5.?.#
.........###
...........#
..$.###..... ....
....... #..
#.....#.


You could see a water moccasin (summoned), a gnoll sergeant (fast, very
poisoned), 2 gnolls, an adder (summoned), a white imp and an orc (summoned).

Vanquished Creatures
  A black bear (D:6)
  An ogre (D:6)
  A phantom (D:4)
  3 scorpions
  A hound (D:6)
  A sleepcap (D:6)
  2 gnolls
  2 adders
  A worm (D:2)
  4 dart slugs
  4 ball pythons
  3 endoplasms
  2 giant cockroaches
  8 goblins
  11 hobgoblins
  4 quokkas
  4 bats
  2 frilled lizards
  3 kobolds
  2 rats (D:2)
  2 butterflies (D:1)
  A lurking horror (D:6)
63 creatures vanquished.

Vanquished Creatures (collateral kills)
  2 goblins (D:2)
2 creatures vanquished.

Vanquished Creatures (others)
  2 gnolls (D:5)
2 creatures vanquished.

Grand Total: 67 creatures vanquished

Notes
Turn   | Place    | Note
-------+----------+-------------------------------------------
     0 | D:1      | Sweetruy1997 the Demonspawn Chaos Knight began the quest
                  | for the Orb.
     0 | D:1      | Reached XP level 1. HP: 18/18 MP: 1/1
    73 | D:1      | Found a faded altar of an unknown god.
    94 | D:1      | Reached skill level 3 in Long Blades
   145 | D:1      | Gained mutation: You may rarely emit foul miasma when
                  | damaged in melee. [demonic ancestry]
   145 | D:1      | Reached XP level 2. HP: 24/24 MP: 2/2
   348 | D:1      | XOM: silly message
   397 | D:1      | Reached skill level 1 in Dodging
   397 | D:1      | Gained mutation: You sometimes emit foul miasma when
                  | damaged in melee. [demonic ancestry]
   397 | D:1      | Reached XP level 3. HP: 29/29 MP: 3/3
   485 | D:1      | XOM: silly message
   666 | D:2      | XOM: give mutations
   666 | D:2      | Gained mutation: You have a pair of small horns on your
                  | head. [Xom's mischief]
   666 | D:2      | Gained mutation: You are somewhat resistant to further
                  | mutation. [Xom's mischief]
  1286 | D:2      | XOM: give mutation
  1286 | D:2      | Gained mutation: Your mind is acute. (Int +4, Str/Dex -1)
                  | [Xom's grace]
  1498 | D:3      | Identified the +0 ring mail of Naam {-Tele rC+ Regen+
                  | Slay+6}
  1550 | D:3      | Found a bloodstained altar of Trog.
  1623 | D:3      | Gained mutation: You frequently emit foul miasma when
                  | damaged in melee. [demonic ancestry]
  1623 | D:3      | Reached XP level 4. HP: 36/36 MP: 4/4
  2051 | D:4      | Noticed a scorpion
  2074 | D:3      | Killed a scorpion
  2075 | D:3      | Reached skill level 4 in Long Blades
  2075 | D:3      | Reached skill level 1 in Stealth
  2075 | D:3      | Reached skill level 1 in Evocations
  2075 | D:3      | Reached XP level 5. HP: 37/42 MP: 5/5
  2128 | D:4      | Found a stormy altar of Qazlal.
  2128 | D:4      | Noticed a phantom
  2131 | D:4      | XOM: scenery: create altars
  2138 | D:4      | Killed a phantom
  2191 | D:4      | You fall into a shaft and drop 3 floors!
  2233 | D:7      | Noticed a lemure
  2234 | D:7      | Noticed Pikel
  2241 | D:6      | Noticed a black bear
  2249 | D:6      | XOM: enchant monster (good)
  2255 | D:6      | Killed a black bear
  2256 | D:6      | Reached skill level 5 in Long Blades
  2256 | D:6      | Lost mutation: You have a pair of small horns on your head.
                  | [demonic ancestry]
  2256 | D:6      | Gained mutation: You have a pair of small antennae on your
                  | head. [demonic ancestry]
  2256 | D:6      | Reached XP level 6. HP: 48/48 MP: 6/6
  2280 | D:6      | Found a one-way gate to the infinite horrors of the Abyss.
  2282 | D:6      | Found a corrupted altar of Lugonu.
  2302 | D:6      | XOM: butterfly on damage
  2355 | D:5      | Entered Level 5 of the Dungeon
  2395 | D:5      | Gained mutation: Your movements are slightly less
                  | encumbered by armour. (ER -2) [demonic ancestry]
  2395 | D:5      | Reached XP level 7. HP: 55/55 MP: 7/7
  2426 | D:5      | XOM: divine lightning
  2436 | D:5      | XOM: summons 3 hostile shadow creatures
  2436 | D:5      | Slain by a gnoll sergeant

Illustrated notes

Levels and vault maps discovered:
D:1:      spicycebolla_arrival_clurvy, layout_loops_ring,
          hellmonk_ecumenical_altar_blasted
D:2:      layout_loops_corners, minmay_misc_feat_plants
D:3:      layout_basic, mainiacjoe_overflow_cross_hatched
D:4:      layout_rooms, lemuel_round_altar
D:5:      layout_basic, nicolae_wu_jian_wuxing_cycle,
          minmay_temple_entry_poolview, hex_medium, serial_bayou_ford_a,
          minivault_26, uniq_grinder, uniq_sigmund
D:6:      layout_cave_pools, tgw_fedhas, led_sif_pool,
          amcnicky_altar_lugonu_corruption
D:7:      layout_rooms, xom_redecorated, uniq_pikel, uniq_duvessa

Skill      XL: |  1  2  3  4  5  6 |
---------------+-------------------+-----
Long Blades    | 3 4 5 |  5.8
Armour         | 2 |  2.0
Dodging        | 1 |  1.8
Stealth        | 1 2 |  2.4
Evocations     | 1 |  1.0
Fighting       | 4 |  4.3
Shields        | |  0.9

Action                     |  1- 3 |  4- 6 |  7- 9 || total
---------------------------+-------+-------+-------++-------
  Melee: Falchion          |    96 |    51 |     8 ||   155
         Headbutt          |     4 |     7 |       ||    11
         Punch             |       |     1 |       ||     1
  Evoke: Piece from Xom's  |    14 |     7 |       ||    21
    Use: Potion            |       |       |     1 ||     1
   Stab: Petrified         |     2 |       |       ||     2
         Sleeping          |     5 |       |       ||     5
         Petrifying        |     1 |       |       ||     1
 Armour: Leather armour    |    31 |       |       ||    31
         Ring mail         |     3 |    24 |     4 ||    31
  Dodge: Dodged            |    47 |    18 |     8 ||    73
  Block: Other             |       |    10 |     8 ||    18

Table legend: (Time is in decaauts)
 A = Elapsed time spent in this place.
 B = Non-inter-level travel time spent in this place.
 C = Inter-level travel time spent in this place.
 D = Time resting spent in this place.
 E = Time spent auto-exploring this place.
 F = Levels seen in this place.
 G = Mean time per level.
                   A        B        C        D        E       F      G
               +--------+--------+--------+--------+--------+-----+--------+
         Total |   2453 |   2357 |     96 |      5 |   1845 |   7 |  350.4 |
       Dungeon |   2453 |   2357 |     96 |      5 |   1845 |   7 |  350.4 |
               +--------+--------+--------+--------+--------+-----+--------+

Top non-repeatable levels by time:
     D:2: 883 daAuts
     D:1: 622 daAuts
     D:3: 517 daAuts
     D:4: 184 daAuts
     D:6: 114 daAuts
     D:5: 81 daAuts
     D:7: 49 daAuts
